 Dungeon Crawl Stone Soup version 0.20.0-15-g7f486f2 (webtiles) character file.

241 KleinerIrrer the Sneak (level 6, 0/43 HPs)
             Began as an Octopode Fighter on July 1, 2017.
             Slain by a gnoll
             ... wielding a +0 spear of venom
              (1 damage)
             ... on level 3 of the Dungeon.
             The game lasted 00:04:45 (2319 turns).

KleinerIrrer the Sneak (Octopode Fighter)           Turns: 2319, Time: 00:04:47

Health: 0/43       AC:  1    Str: 20    XL:     6   Next: 8%
Magic:  6/6        EV: 13    Int: 10    God:
Gold:   118        SH:  9    Dex: 14    Spells: 5/5 levels left

rFire    . . .     SeeInvis .   n - +2 falchion (flame)
rCold    . . .     Gourm    .   b - +0 shield
rNeg     . . .     Faith    .   (helmet restricted)
rPois    .         Spirit   .   (no amulet)
rElec    .         Reflect  .   (no ring)
rCorr    .         Harm     .   (no ring)
MR       .....                  (no ring)
Stlth    ++++......             (no ring)
Regen    0.2/turn               (no ring)
MPRegen  0.1/turn               (no ring)
                                (no ring)
                                (no ring)

@: mighty, lethally poisoned (0 -> -7), flying
A: almost no armour, stealthy swim, amphibious, 8 rings, constrict 8, camouflage
1, gelatinous body 1
a: no special abilities


You were on level 3 of the Dungeon.
You were not hungry.

You visited 1 branch of the dungeon, and saw 3 of its levels.

You collected 118 gold pieces.

Inventory:

Hand Weapons
 a - a +0 trident
 n - a +2 falchion of flaming (weapon)
Armour
 b - a +0 shield (worn)
Scrolls
 e - 5 scrolls of identify {unknown}
 j - 3 scrolls of remove curse {unknown}
 l - 2 scrolls of recharging {unknown}
Potions
 g - 3 potions of lignification {unknown}
 i - a potion of ambrosia {unknown}
 k - a potion of curing {unknown}
 m - 3 potions of flight
Comestibles
 d - a bread ration
 f - 2 meat rations
 h - 2 royal jellies
 o - 5 chunks of flesh


   Skills:
 + Level 3.7 Fighting
 - Level 2.0 Polearms
 + Level 4.0 Dodging
 + Level 5.4 Stealth
 + Level 3.9 Shields


You had 5 spell levels left.
You didn't know any spells.

Dungeon Overview and Level Annotations

Branches:
Dungeon (3/15)

Altars:


Innate Abilities, Weirdness & Mutations

You cannot wear most types of armour.
You are very stealthy in the water. (Stealth+)
You are amphibious.
You can wear up to eight rings at the same time.
You can use your tentacles to constrict eight enemies at once.
Your skin changes colour to match your surroundings (Stealth+).
Your rubbery body absorbs attacks. (AC +1, EV +1)


Message History

You feel very buoyant.
You fly up into the air.
You constrict the gnoll.
You kill the gnoll!
You have reached level 6!
Your experience leads to an increase in your attributes!
Increase (S)trength, (I)ntelligence, or (D)exterity?
You feel agile.
You feel sick. You block the gnoll's attack. The gnoll hits you!
* * * LOW HITPOINT WARNING * * *
You feel very mighty all of a sudden.
* * * LOW HITPOINT WARNING * * *
You feel sick. You block the gnoll's attack. The gnoll hits you!
* * * LOW HITPOINT WARNING * * *
You slash the gnoll! You burn the gnoll.
You kill the gnoll!
Your Dodging skill increases to level 4!
* * * LOW HITPOINT WARNING * * *
You feel sick.
The gnoll hits you from afar with a spear of venom.
You die...

############
#####..........#
..............)#
#.....(.....#
##########...........###
.....g)@................
######?###...........##♣
#...............#♣♣
#.####..........≈♣P #.
#........♣P♣≈≈ #.
#........♣≈≈≈. #.
########........ .>
...............≈
########.....≈.≈


You could see a gnoll.

Vanquished Creatures
  2 orc priests (D:3)
  6 adders
  3 gnolls (D:3)
  An ooze (D:1)
  5 worms
  A dart slug (D:3)
  2 leopard geckos
  7 orcs (D:3)
  5 bats
  2 giant cockroaches
  11 goblins
  8 hobgoblins
  2 jackals (D:1)
  A quokka (D:3)
  2 ball pythons (D:1)
  2 frilled lizards
  8 kobolds
  6 rats
74 creatures vanquished.

Notes
Turn   | Place    | Note
-------+----------+-------------------------------------------
     0 | D:1      | KleinerIrrer the Octopode Fighter began the quest for the Orb.
     0 | D:1      | Reached XP level 1. HP: 16/16 MP: 1/1
   318 | D:1      | Reached XP level 2. HP: 21/21 MP: 2/2
   385 | D:1      | Reached skill level 1 in Stealth
   599 | D:1      | Reached XP level 3. HP: 25/26 MP: 3/3
  1154 | D:2      | Reached skill level 2 in Stealth
  1378 | D:2      | Reached XP level 4. HP: 31/31 MP: 4/4
  1387 | D:2      | Reached skill level 3 in Stealth
  1823 | D:3      | Reached XP level 5. HP: 36/36 MP: 5/5
  1896 | D:3      | Reached skill level 4 in Stealth
  2271 | D:3      | Reached skill level 5 in Stealth
  2317 | D:3      | Reached XP level 6. HP: 19/43 MP: 6/6
  2319 | D:3      | HP: 1/43 [poisoned by a gnoll]
  2319 | D:3      | Slain by a gnoll

Skill      XL: |  1  2  3  4  5  6 |
---------------+-------------------+-----
Stealth        | 1 2 3 5 |  5.4
Dodging        | 4 |  4.0
Fighting       | |  3.7
Polearms       | |  2.0
Shields        | |  3.9

Action                   |  1- 3 |  4- 6 || total
-------------------------+-------+-------++-------
Melee: Trident           |   105 |    57 ||   162
       Constrict         |    15 |    18 ||    33
       Tentacles         |    16 |    10 ||    26
       Falchion          |       |    13 ||    13
  Use: Potion            |       |     2 ||     2
 Stab: Sleeping          |    14 |     6 ||    20
       Distracted        |     1 |     1 ||     2
  Eat: Chunk             |     2 |     3 ||     5
Armor: Skin              |     4 |     3 ||     7
Dodge: Dodged            |    38 |    24 ||    62
Block: Shield            |    39 |    21 ||    60
